 Dungeon Crawl Stone Soup version 0.29.1-15-g9cfb28693d (webtiles) character file.

Game seed: 1377882246258526840

91 Descartes the Digger (level 4, -4/24 HPs)
             Began as a Gargoyle Earth Elementalist on Mar 20, 2023.
             Slain by an iguana (11 damage)
             ... on level 4 of the Dungeon.
             The game lasted 00:12:18 (3412 turns).

Descartes the Digger (Gargoyle Earth Elementalist)  Turns: 3412, Time: 00:12:19

Health: -4/24      AC:  5    Str: 12    XL:     4   Next: 57%
Magic:  3/9        EV: 15    Int: 17    God:
Gold:   198        SH:  5    Dex: 10    Spells: 8/9 levels left

rFire   . . .      SeeInvis .   d - +1 dagger (vamp)
rCold   + . .      Faith    .   (no shield)
rNeg    + . .      Spirit   .   a - +0 robe
rPois   ∞          Reflect  +   (no helmet)
rElec   +          Harm     .   (no cloak)
rCorr   .          Rampage  .   (no gloves)
Will    .....                   (no boots)
Stlth   ++........              t - amulet of reflection
HPRegen 0.08/turn               m - ring of protection from cold
MPRegen 0.11/turn               x - +4 ring of evasion

@: no status effects
A: sickness immunity, AC +3, negative energy resistance 1, electricity
resistance, torment resistance 1, petrification resistance
a: no special abilities


You were on level 4 of the Dungeon.
You visited 1 branch of the dungeon, and saw 4 of its levels.

You collected 198 gold pieces.

Inventory:

Hand Weapons
 d - a +1 vampiric dagger (weapon)
 u - a +1 hand axe of flaming
Missiles
 f - 4 poisoned darts
 q - 5 silver javelins
 v - 3 boomerangs
Armour
 a - a +0 robe (worn)
Jewellery
 m - a ring of protection from cold (left hand)
 t - an amulet of reflection (around neck)
 x - a +4 ring of evasion (right hand)
Scrolls
 k - a scroll of vulnerability
 n - a scroll of fear
 r - a scroll of fog
Potions
 b - a potion of magic
 c - a potion of resistance {unknown}
 h - a potion of haste {unknown}
 j - 2 potions of might {unknown}
 s - a potion of brilliance {unknown}
 w - a potion of attraction {unknown}


   Skills:
 - Level 1.5 Dodging
 - Level 2.1 Stealth
 + Level 3.3 Spellcasting
 - Level 0.7 Transmutations
 + Level 5.1 Earth Magic


You had 8 spell levels left.
You knew the following spells:

 Your Spells              Type           Power      Damage    Failure   Level
a - Sandblast             Erth           40%        2d10      1%          1

Your spell library contained the following spells:

 Spells                   Type           Power      Damage    Failure   Level
 Passwall                 Tmut/Erth      10%        N/A       8%          2
 Stone Arrow              Conj/Erth      22%        3d8       19%         3
 Call Canine Familiar     Summ           2%         N/A       45%         3
 Portal Projectile        Hex/Tloc       4%         N/A       45%         3
 Petrify                  Tmut/Erth      12%        N/A       45%         4
 Leda's Liquefaction      Hex/Erth       5%         N/A       52%         4


Dungeon Overview and Level Annotations

Branches:
Dungeon (4/15)
 Temple: D:4-7

Altars:
Okawaru
Trog

Shops:
D:3 !(   D:4 =


Innate Abilities, Weirdness & Mutations

You are immune to sickness and miasma.
Your stone body is resilient. (AC +3)
You are immune to poison.
You resist negative energy. (rN+)
You are resistant to electric shocks. (rElec)
You are resistant to unholy torment.
You are immune to petrification.


Message History

Confirm with . or Enter, or press ? or * to list all spells.
Aiming: Sandblast (safe; 1% risk of failure)
Press: ? - help, Shift-Dir - straight line, f/p - iguana
Aim: an iguana (lightly wounded, 85% to hit)
The blast of sand hits the iguana.
The iguana is lightly wounded.
The iguana closely misses you.
Casting: Sandblast (safe; 1% risk of failure)
Confirm with . or Enter, or press ? or * to list all spells.
Aiming: Sandblast (safe; 1% risk of failure)
Press: ? - help, Shift-Dir - straight line, f/p - iguana
Aim: an iguana (lightly wounded, 85% to hit)
The blast of sand hits the iguana.
The iguana is moderately wounded.
The iguana barely misses you. The iguana bites you!
Casting: Sandblast (safe; 1% risk of failure)
Confirm with . or Enter, or press ? or * to list all spells.
Aiming: Sandblast (safe; 1% risk of failure)
Press: ? - help, Shift-Dir - straight line, f/p - iguana
Aim: an iguana (moderately wounded, 85% to hit)
The blast of sand misses the iguana.
The iguana misses you.
Casting: Sandblast (safe; 1% risk of failure)
Confirm with . or Enter, or press ? or * to list all spells.
Aiming: Sandblast (safe; 1% risk of failure)
Press: ? - help, Shift-Dir - straight line, f/p - iguana
Aim: an iguana (moderately wounded, 85% to hit)
The blast of sand hits the iguana.
The iguana is moderately wounded.
The iguana bites you.
* * * LOW HITPOINT WARNING * * *
The iguana closely misses you.
Casting: Sandblast (safe; 1% risk of failure)
Confirm with . or Enter, or press ? or * to list all spells.
Aiming: Sandblast (safe; 1% risk of failure)
Press: ? - help, Shift-Dir - straight line, f/p - iguana
Aim: an iguana (moderately wounded, 85% to hit)
The blast of sand hits the iguana.
The iguana is severely wounded.
The iguana bites you!
You die...

........#.#.# ###
......#.#.#.#........#
.##.#...#.#.#§§§.....#
............#.§§§.≈..#
..##....#.#†#.§≈.≈...#
........#.#.#...§.≈..#
#.#######.#.#..≈.≈≈..#
............#...l....#
#.#######.#.#...@....#
###.......#.####''####
..#.###########...#
#.#.#...........###
..#.#..##########
.).....# .#..####
..... ####.#


You could see an iguana.

Vanquished Creatures
  An adder (D:3)
  2 worms
  3 dart slugs
  5 orcs (D:3)
  3 bats
  9 endoplasms
  3 giant cockroaches
  3 hobgoblins
  5 jackals
  3 quokkas
  9 ball pythons
  6 frilled lizards
  3 goblins
  A kobold (D:2)
  4 rats
60 creatures vanquished.

Vanquished Creatures (others)
  3 plants (D:2)
3 creatures vanquished.

Grand Total: 63 creatures vanquished

Notes
Turn   | Place    | Note
-------+----------+-------------------------------------------
     0 | D:1      | Descartes the Gargoyle Earth Elementalist began the quest
                  | for the Orb.
     0 | D:1      | Reached XP level 1. HP: 10/10 MP: 3/3
   325 | D:1      | Reached XP level 2. HP: 5/15 MP: 0/5
   524 | D:1      | Reached skill level 4 in Earth Magic
  1023 | D:1      | Reached XP level 3. HP: 19/19 MP: 4/6
  2151 | D:2      | Found a faded altar of an unknown god.
  2457 | D:3      | Reached XP level 4. HP: 24/24 MP: 4/8
  2883 | D:3      | Reached skill level 5 in Earth Magic
  2929 | D:3      | Found Zueq Xow's Antique Weapon Emporium.
  3027 | D:3      | Found Buzaukitt's Distillery.
  3034 | D:3      | Found an iron altar of Okawaru.
  3035 | D:3      | Found a bloodstained altar of Trog.
  3300 | D:4      | Found Qeiwath's Jewellery Boutique.
  3412 | D:4      | Slain by an iguana

Illustrated notes

Levels and vault maps discovered:
D:1:      erik_arrival_cave_to_civilisation [erik_arrival_cave_to_hall],
          layout_basic, dreamdust_princess_corridor, minmay_box_of_dots
D:2:      layout_loops_cross, chequers_ecumenical_altar_lobes,
          serial_bayou_crossing
D:3:      layout_rooms, grunt_temple_overflow_bloody_war, serial_shops,
          nicolae_shop_advertising_works [nicolae_subvault_shop_adworks], shop,
          minmay_close_crescents
D:4:      layout_basic, enter_ossuary_2, serial_co_window_serial,
          co_window_paths_b, co_window_paths_b, co_window_paths_b,
          co_window_of_opportunity_a, co_window_of_opportunity_a,
          co_window_paths_a, co_window_corner_a, co_window_broadway_b,
          co_window_broadway_a, co_window_corner_cb, co_window_corner_cb,
          co_window_unsneaky_path_a, minmay_shop_enchanted_jewellery,
          kennysheep_generic_room_4, uniq_sigmund

Skill      XL: |  1  2  3  4 |
---------------+-------------+-----
Earth Magic    | 4 5 |  5.1
Spellcasting   | 3 |  3.3
Dodging        | |  1.5
Stealth        | |  2.1
Transmutations | |  0.7

Action                   |  1- 3 |  4- 6 || total
-------------------------+-------+-------++-------
Melee: Dagger            |    24 |       ||    24
       Unarmed           |     2 |       ||     2
 Cast: Sandblast         |    59 |    35 ||    94
  Use: Scroll            |       |     8 ||     8
Armor: Robe              |    20 |       ||    20
Dodge: Dodged            |    40 |     9 ||    49
Block: Other             |       |     1 ||     1
